 Dungeon Crawl Stone Soup version 0.21-a0-630-g344d351 (webtiles) character file.

47 slep the Slasher (level 3, -8/22 HPs)
             Began as a Gargoyle Gladiator on Dec 25, 2017.
             Mangled by a worm (9 damage)
             ... on level 2 of the Dungeon.
             The game lasted 00:03:25 (716 turns).

slep the Slasher (Gargoyle Gladiator)                Turns: 716, Time: 00:03:25

Health: -8/22      AC:  6    Str: 17    XL:     3   Next: 70%
Magic:  3/3        EV: 13    Int:  8    God:
Gold:   57         SH:  0    Dex: 12    Spells: 2/2 levels left

rFire    . . .     SeeInvis .   a - +0 long sword
rCold    . . .     Gourm    .   (no shield)
rNeg     + + .     Faith    .   l - +0 robe {rN+}
rPois    ∞         Spirit   .   c - +0 helmet
rElec    +         Reflect  .   (no cloak)
rCorr    .         Harm     .   (no gloves)
MR       .....                  (no boots)
Stlth    +.........             (no amulet)
HPRegen  0.07/turn              (no ring)
MPRegen  0.08/turn              (no ring)

@: no status effects
A: negative energy resistance 1, electricity resistance, unbreathing,
petrification resistance, rot immunity, AC +3
a: no special abilities


You were on level 2 of the Dungeon.
You were not hungry.

You visited 1 branch of the dungeon, and saw 2 of its levels.

You collected 57 gold pieces.

Inventory:

Hand Weapons
 a - a +0 long sword (weapon)
Missiles
 d - 3 throwing nets (quivered)
Armour
 b - a +0 leather armour
 c - a +0 helmet (worn)
 l - a +0 robe of positive energy (worn)
Scrolls
 g - 2 scrolls of identify {unknown}
 h - 2 scrolls of enchant armour {unknown}
Potions
 e - a potion of brilliance {unknown}
 i - a potion of degeneration {unknown}
 j - 2 potions of might {unknown}
 k - a potion of flight {unknown}
Comestibles
 f - 5 rations


   Skills:
 + Level 2.5 Fighting
 + Level 3.3 Long Blades
 + Level 2.0 Throwing
 + Level 3.0 Dodging


You had 2 spell levels left.
You didn't know any spells.

Dungeon Overview and Level Annotations

Branches:
Dungeon (2/15)

Altars:


Innate Abilities, Weirdness & Mutations

You are resistant to torment.
Your stone body is resilient. (AC +3)
You are immune to poison.
You resist negative energy. (rN+)
You are resistant to electric shocks. (rElec)
You can survive without breathing.
You are immune to petrification.
You are immune to rotting.


Message History

The helpless worm fails to defend itself.
You slash the worm!
The worm is heavily wounded.
The worm bites you!
You hit the worm.
The worm is heavily wounded.
The worm bites you.
You barely miss the worm.
The worm is heavily wounded.
The worm bites you but does no damage.
You barely miss the worm.
The worm is moderately wounded.
You hit the worm.
The worm is heavily wounded.
The worm bites you!
* * * LOW HITPOINT WARNING * * *
You slash the worm!
The worm is almost dead.
The worm bites you!
You die...

....## .....# #.#
####.# #.# .# ... #.#
#.# #.# #w# # ###
####@# #.#.. #....#
#.#.## ##.####
....####.#.####.###
######......###.......#
.........###.#.###..#.#
######...####.## #
#......(.# #..#######


You could see a worm.

Vanquished Creatures
  An ooze (D:1)
  2 dart slugs (D:1)
  2 giant cockroaches (D:1)
  2 hobgoblins (D:1)
  6 jackals (D:1)
  3 kobolds (D:1)
  5 bats (D:1)
  A frilled lizard (D:1)
  9 goblins (D:1)
  2 rats (D:1)
33 creatures vanquished.

Notes
Turn   | Place    | Note
-------+----------+-------------------------------------------
     0 | D:1      | slep the Gargoyle Gladiator began the quest for the Orb.
     0 | D:1      | Reached XP level 1. HP: 12/12 MP: 1/1
    36 | D:1      | Reached XP level 2. HP: 18/18 MP: 2/2
   182 | D:1      | Reached XP level 3. HP: 21/22 MP: 3/3
   715 | D:2      | HP: 1/22 [worm (9)]
   716 | D:2      | Mangled by a worm

Vault maps used:
D:1:      lightli_arrival_statuegarden
D:2:      grunt_temple_overflow_forces_of_nature, good_gods_temple_1,
          kennysheep_generic_room_2

Skill      XL: |  1  2  3 |
---------------+----------+-----
Long Blades    | 3 |  3.3
Throwing       | 2 |  2.0
Dodging        | 3 |  3.0
Fighting       | |  2.5

Action                   || total
-------------------------++-------
Melee: Long sword        ||    87
 Stab: Sleeping          ||     1
Armor: Leather armour    ||    32
       Robe              ||     1
Dodge: Dodged            ||    57
       Rpst.: Long sword ||    21

Table legend:
 A = Spawn XP
 B = Non-spawn XP
 C = Spawn XP percentage of total XP
 D = Spawn monster count
 E = Non-spawn monster count
 F = Spawn count percentage of total count
 G = Total turns spent on level
                    A         B        C        D         E        F      G
               +---------+---------+-------+---------+---------+-------+---------
         Total |       0 |      68 |   0.0 |       0 |      33 |   0.0 |   716
               +---------+---------+-------+---------+---------+-------+---------
           D:1 |       0 |      68 |   0.0 |       0 |      33 |   0.0 |   647
               +---------+---------+-------+---------+---------+-------+---------
